 Dungeon Crawl Stone Soup version 0.27-a0-1188-g73eefd5def (webtiles) character file.

Game seed: 14685676252241511630

89 leviel the Chopper (level 4, -1/37 (38) HPs)
             Began as a Draconian Fighter on May 22, 2021.
             Succumbed to a goblin's poison
             ... on level 3 of the Dungeon.
             The game lasted 00:02:06 (2179 turns).

leviel the Chopper (Draconian Fighter)              Turns: 2179, Time: 00:02:07

HP:   -1/37 (38)    AC:  5    Str: 20    XL:     4   Next: 31%
MP:   4/4           EV: 10    Int:  8    God:
Gold: 118           SH:  9    Dex: 10    Spells: 3/3 levels left

rFire    . . .     SeeInvis .   a - +0 war axe
rCold    . . .     Faith    .   b - +0 kite shield
rNeg     . . .     Spirit   .   (armour unavailable)
rPois    .         Reflect  .   (helmet restricted)
rElec    .         Harm     .   (no cloak)
rCorr    .         Rampage  .   (no gloves)
Will     .....                  (no boots)
Stlth    +.........             (no amulet)
HPRegen  0.12/turn              (no ring)
MPRegen  0.09/turn              (no ring)

@: lethally poisoned (-1 -> -8), hasted, lightly drained, very quick
A: AC +5, unfitting armour, cold-blooded
a: no special abilities


You were on level 3 of the Dungeon.
You visited 1 branch of the dungeon, and saw 3 of its levels.

You collected 118 gold pieces.

Inventory:

Hand Weapons
 a - a +0 war axe (weapon)
Armour
 b - a +0 kite shield (worn)
Scrolls
 d - a scroll of silence {unknown}
 f - a scroll of teleportation {unknown}
 g - a scroll of identify {unknown}
 h - a scroll of brand weapon {unknown}
 j - a scroll of acquirement {unknown}
Potions
 c - a potion of might
 i - a potion of curing {unknown}


   Skills:
 - Level 3.2 Fighting
 + Level 4.6 Axes
 - Level 2.6 Dodging
 - Level 3.0 Shields


You had 3 spell levels left.
You didn't know any spells.
Your spell library contained the following spells:

 Spells                   Type           Power      Damage    Failure   Level
 Corona                   Hex            0%         N/A       90%         1
 Magic Dart               Conj           0%         1d3       90%         1
 Ensorcelled Hibernation  Hex/Ice        0%         N/A       97%         2
 Searing Ray              Conj           0%         3d3       97%         2
 Confusing Touch          Hex            0%         N/A       99%         3
 Dazzling Flash           Conj/Hex       0%         N/A       99%         3
 Tukima's Dance           Hex            0%         N/A       99%         3
 Fulminant Prism          Conj/Hex       0%         3d6       100%        4
 Iskenderun's Mystic Bla  Conj/Tloc      0%         2d3       100%        4


Dungeon Overview and Level Annotations

Branches:
Dungeon (3/15)

Altars:

Shops:
D:2 !

Annotations:
D:3 Robin


Innate Abilities, Weirdness & Mutations

Your plain brown scales are hard. (AC +5)
You cannot fit into any form of body armour.
You are cold-blooded and may be slowed by cold attacks.


Message History

The goblin hits you with a +0 club.
Unknown command.
You slash the hobgoblin!
You kill the hobgoblin!
You closely miss the goblin.
The goblin no longer looks unusually strong.
You block the goblin's attack.
You hit the goblin.
The goblin is severely wounded.
You hit the goblin.
You kill the goblin!
The goblin barely misses you.
Robin roars a battlecry!
The goblin goes into a battle-frenzy!
The goblin hits you with a +1 dagger of venom.
You are poisoned.
You closely miss the goblin.
Your tail-slap misses the goblin.
The goblin is severely wounded.
You feel very sick. Robin throws the goblin at you!
You block the goblin's attack. The goblin hits you but does no damage.
You are more poisoned.
Unknown command.
You are too injured to fight recklessly!
You slash the goblin!
You kill the goblin!
You closely miss the goblin.
* * * LOW HITPOINT WARNING * * *
You feel very sick. The goblin hits you with a +0 club.
* * * LOW HITPOINT WARNING * * *
The goblin hits you but does no damage.
It was a potion of haste.
You feel yourself speed up.
* * * LOW HITPOINT WARNING * * *
You feel sick.
Robin hits you with a +2 dagger of draining.
* * * LOW HITPOINT WARNING * * *
You feel drained. The goblin barely misses you.
You barely miss Robin. You hit the goblin.
You die...

.....#######...........##
...........#.....>......#
...........#............#
...........############.#
...........# #.#
...........# #.###
........)..# #...#
...........##############.#
.........).g@g.:..........#
...........################
...........# #.########## #


You could see Robin and a goblin (strong).

Vanquished Creatures
  An adder (D:2)
  A dart slug (D:1)
  3 bats (D:1)
  3 endoplasms
  A giant cockroach (D:1)
  17 goblins
  8 hobgoblins
  4 jackals (D:1)
  3 quokkas
  9 ball pythons
  11 frilled lizards (D:1)
  A kobold (D:1)
  14 rats
76 creatures vanquished.

Vanquished Creatures (others)
  7 plants (D:1)
7 creatures vanquished.

Grand Total: 83 creatures vanquished

Notes
Turn   | Place    | Note
-------+----------+-------------------------------------------
     0 | D:1      | leviel the Draconian Fighter began the quest for the Orb.
     0 | D:1      | Reached XP level 1. HP: 19/19 MP: 1/1
   183 | D:1      | Reached XP level 2. HP: 18/26 MP: 2/2
   203 | D:1      | Reached skill level 3 in Axes
   549 | D:1      | Reached XP level 3. HP: 29/31 MP: 3/3
  1334 | D:2      | Found Xisch's Distillery.
  1364 | D:2      | Reached skill level 4 in Axes
  1835 | D:2      | Reached XP level 4. HP: 38/38 MP: 4/4
  2151 | D:3      | Noticed Robin
  2178 | D:3      | HP: 1/38 [Robin/+2 dagger of draining (3)]
  2179 | D:3      | Succumbed to a goblin's poison

Illustrated notes

Levels and vault maps discovered:
D:1:      shiori_arrival_maze, layout_basic, minmay_lizard_king
D:2:      layout_loops_cross, serial_shops, nicolae_shop_crystal,
          minmay_misc_feat_tiny, grunt_ministairs_4, minmay_rat_gold_closets
D:3:      layout_basic, uniq_robin, uniq_grinder

Skill      XL: |  1  2  3 |
---------------+----------+-----
Axes           | 3 4 |  4.6
Fighting       | |  3.2
Dodging        | |  2.6
Shields        | |  3.0

Action                   |  1- 3 |  4- 6 || total
-------------------------+-------+-------++-------
Melee: War axe           |   166 |    41 ||   207
       Tailslap          |     9 |     3 ||    12
  Use: Potion            |       |     1 ||     1
 Stab: Sleeping          |     2 |     3 ||     5
Armor: Skin              |    56 |    12 ||    68
Dodge: Dodged            |    94 |    18 ||   112
Block: Kite shield       |   114 |    22 ||   136

Table legend: (Time is in decaauts)
 A = Elapsed time spent in this place.
 B = Non-inter-level travel time spent in this place.
 C = Inter-level travel time spent in this place.
 D = Time resting spent in this place.
 E = Time spent auto-exploring this place.
 F = Levels seen in this place.
 G = Mean time per level.
                   A        B        C        D        E       F      G
               +--------+--------+--------+--------+--------+-----+--------+
         Total |   2295 |   2085 |    210 |    167 |   1456 |   3 |  765.0 |
       Dungeon |   2295 |   2085 |    210 |    167 |   1456 |   3 |  765.0 |
               +--------+--------+--------+--------+--------+-----+--------+

Top non-repeatable levels by time:
     D:1: 1407 daAuts
     D:2: 742 daAuts
     D:3: 146 daAuts
